[Event "Titled Tuesday Blitz December 06 Early 2022"]
[White "Gabuzyan, Hovhannes"]
[Black "Sjugirov, Sanan"]
[WhiteFideId "13303732"]
[BlackFideId "4189302"]
[WhiteElo "2486"]
[BlackElo "2613"]
[Result "1/2-1/2"]
[Round "05"]
[TimeControl "180+1"]
[Date "2022.12.06"]
[WhiteClock "0:00:52"]
[BlackClock "0:00:05"]

1. e4 c5 2. Nc3 d6 3. f4 Nc6 4. Nf3 Nf6 5. Bb5 Bd7 6. e5 Ng4 7. h3 Nh6 8. O-O e6 9. d3 a6 10. Ba4 b5 11. Bb3 d5 12. a3 Nf5 13. Ne2 h5 14. c3 Be7 15. d4 c4 16. Bc2 g6 17. g3 a5 18. Kg2 Rb8 19. Rh1 Kf8 20. g4 Ng7 21. Ng5 Kg8 22. Ng1 hxg4 23. hxg4 Rxh1 24. Kxh1 Bxg5 25. fxg5 b4 26. axb4 axb4 27. Qf3 b3 28. Bd1 Ra8 29. Rxa8 Qxa8 30. Bf4 Qa1 31. Qe2 Ne8 32. Qd2 Nc7 33. Qc1 Qa2 34. Bf3 Na8 35. Nh3 Nb6 36. Nf2 Qa8 37. Nd1 Kg7 38. Kg2 Qa2 39. Bg3 Qa8 40. Qf4 Be8 41. Qc1 Kg8 42. Bf4 Kf8 43. Be3 Ke7 44. Bd2 Kd7 45. Kf2 Kc7 46. Kg3 Bd7 47. Bf4 Qa2 48. Bd2 Qa8 49. Bf4 Ne7 50. Bd2 Nc6 1/2-1/2


[Site "https://www.chess.com"]

[Event "Titled Tuesday Blitz December 06 Early 2022"]
[White "Galchenko, Matvey"]
[Black "Barria Zuniga, Daniel"]
[WhiteFideId "24175480"]
[BlackFideId "3400816"]
[WhiteElo "2404"]
[BlackElo "2414"]
[Result "1-0"]
[Round "05"]
[TimeControl "180+1"]
[Date "2022.12.06"]
[WhiteClock "0:00:51"]
[BlackClock "0:00:15"]

1. f4 g6 2. Nf3 Bg7 3. g3 c5 4. Bg2 Nf6 5. O-O O-O 6. d3 Nc6 7. e4 d6 8. Nc3 Rb8 9. a4 a6 10. h3 b5 11. axb5 axb5 12. g4 b4 13. Ne2 Nd7 14. Ng3 Bb7 15. h4 Ra8 16. Rb1 Ra2 17. h5 e6 18. g5 Nd4 19. Bh3 Nxf3+ 20. Qxf3 Bd4+ 21. Kh2 f5 22. gxf6 Rxf6 23. Qd1 Qe7 24. Ne2 Rf7 25. c3 Bg7 26. Qb3 Ra8 27. Qxe6 Qh4 28. hxg6 hxg6 29. Qxg6 Nf8 30. Qg3 Qh5 31. Qg4 Qxg4 32. Bxg4 bxc3 33. bxc3 Ra2 34. Kg3 Ba6 35. c4 Bc8 36. Bxc8 1-0


[Site "https://www.chess.com"]

[Event "Titled Tuesday Blitz December 06 Early 2022"]
[White "Garv Gaur"]
[Black "Tarlabasi, Emirhan"]
[WhiteFideId "45030839"]
[BlackFideId "6350275"]
[WhiteElo "2056"]
[BlackElo "2200"]
[Result "0-1"]
[Round "05"]
[TimeControl "180+1"]
[Date "2022.12.07"]
[WhiteClock "0:00:09"]
[BlackClock "0:00:21"]

1. c4 c5 2. Nf3 Nf6 3. g3 b6 4. Bg2 Bb7 5. O-O e6 6. b3 Be7 7. d3 O-O 8. Bb2 d6 9. Nbd2 Nbd7 10. Qc2 a6 11. a3 Qc7 12. Rac1 Rac8 13. Rfd1 Qb8 14. Qb1 Rfd8 15. Qa1 Qa8 16. Nf1 b5 17. e4 h6 18. Ne3 Bc6 19. h3 Qb7 20. Rb1 Bf8 21. Bc3 Re8 22. Nd2 d5 23. e5 d4 24. Bxc6 Qxc6 25. exf6 dxc3 26. Qxc3 Nxf6 27. Re1 Red8 28. Rbd1 Be7 29. Nc2 Rd7 30. d4 Rcd8 31. dxc5 Bxc5 32. b4 Rd3 33. Qxd3 Bxf2+ 34. Kxf2 Rxd3 35. c5 Rxd2+ 36. Rxd2 Ne4+ 37. Rxe4 Qxe4 38. Ne3 f5 39. Rc2 f4 40. gxf4 Qxf4+ 41. Ke2 Qh2+ 42. Kd3 Qc7 43. c6 g5 44. Ke4 Kf7 45. Kd4 Kg6 46. Ng4 Qf4+ 47. Kd3 Qf3+ 48. Ne3 Qf8 49. c7 Qc8 50. Ke4 h5 51. Ke5 g4 52. hxg4 hxg4 53. Nxg4 Kf7 54. Ne3 Ke7 55. Rc5 Kd7 56. Nc2 Qh8+ 57. Ke4 Qh4+ 58. Kd3 Qh7+ 59. Kc3 Kc8 60. Nd4 Qh3+ 61. Kb2 Qg2+ 62. Nc2 e5 63. Rxe5 Kxc7 64. Rc5+ Kb6 65. Rc3 Qg7 66. Kb3 Qf6 67. Rd3 a5 68. Nd4 Qf7+ 69. Kb2 Qc4 70. Rd2 axb4 71. axb4 Qxb4+ 72. Nb3 Qc4 73. Rc2 Qd5 74. Rd2 Qe5+ 75. Ka2 b4 76. Rc2 Kb5 77. Rd2 Ka4 78. Rb2 Qd5 79. Kb1 Qxb3 80. Rxb3 Kxb3 81. Kc1 Ka2 82. Kc2 b3+ 83. Kc3 b2 84. Kc2 b1=Q+ 85. Kc3 Qb2+ 86. Kc4 Ka3 87. Kc5 Qd2 0-1


[Site "https://www.chess.com"]

[Event "Titled Tuesday Blitz December 06 Early 2022"]
[White "Gatterer, Florian"]
[Black "Terzi, Alexei"]
[WhiteFideId "811688"]
[BlackFideId "13505076"]
[WhiteElo "2218"]
[BlackElo "2172"]
[Result "1/2-1/2"]
[Round "05"]
[TimeControl "180+1"]
[Date "2022.12.07"]
[WhiteClock "0:02:25"]
[BlackClock "0:01:33"]

1. c4 c5 2. Nf3 g6 3. g3 Bg7 4. Bg2 Nc6 5. O-O e5 6. Nc3 Nge7 7. d3 d6 8. Ne1 O-O 9. Nc2 h6 10. Ne3 Kh7 11. Ned5 Nxd5 12. Nxd5 Ne7 13. Rb1 a5 14. b3 Nxd5 15. Bxd5 Qe7 16. a3 Be6 17. Bg2 Rfd8 18. b4 cxb4 19. axb4 axb4 20. Rxb4 d5 21. Qb3 dxc4 22. dxc4 1/2-1/2


[Site "https://www.chess.com"]

[Event "Titled Tuesday Blitz December 06 Early 2022"]
[White "Ghosh, Chanchal Kumer"]
[Black "Franca, Ricardo Bedin"]
[WhiteFideId "10201858"]
[BlackFideId "2107066"]
[WhiteElo "2058"]
[BlackElo "2472"]
[Result "1-0"]
[Round "05"]
[TimeControl "180+1"]
[Date "2022.12.07"]
[WhiteClock "0:00:08"]
[BlackClock "0:00:03"]

1. e4 e5 2. Nf3 Nc6 3. Bc4 Nf6 4. Ng5 d5 5. exd5 Na5 6. Bb5+ c6 7. dxc6 bxc6 8. Qf3 h6 9. Ne4 Nd5 10. Bd3 Be7 11. Ng3 O-O 12. Nf5 Bf6 13. c3 Re8 14. O-O Nf4 15. Be4 Ne6 16. d3 Ng5 17. Bxg5 hxg5 18. b4 Nb7 19. Bxc6 Bxf5 20. Qxf5 Re7 21. Be4 Kf8 22. Nd2 Rc8 23. Qh7 g6 24. Nf3 Rxc3 25. Qh6+ Bg7 26. Qxg5 Nd6 27. Rfd1 Qb6 28. a3 Rc2 29. Qg3 Nf5 30. Bxf5 gxf5 31. Ng5 f4 32. Qh3 Qxf2+ 33. Kh1 Rec7 34. Rf1 Qd2 35. Rad1 Qc3 36. Qf5 Qb3 37. h4 Qd5 38. Nf3 Qe6 39. Qe4 f6 40. h5 Kg8 41. Qg6 Qf7 42. Qg4 Kh7 43. Nh4 Bh6 44. Nf5 Bg5 45. d4 e4 46. d5 e3 47. Rfe1 Rd2 48. d6 Rxd1 49. Rxd1 Rd7 50. Qf3 Qe6 51. Qg4 e2 52. Re1 Rxd6 53. Rxe2 Rd1+ 54. Kh2 Qd7 55. Re7+ Qxe7 56. Nxe7 Kh6 57. Qf5 Kxh5 58. Qh7+ Bh6 59. Qg6+ Kh4 60. Nf5# 1-0


[Site "https://www.chess.com"]

[Event "Titled Tuesday Blitz December 06 Early 2022"]
[White "Golizadeh, Asghar"]
[Black "Kuchava, Ana"]
[WhiteFideId "12505269"]
[BlackFideId "13605348"]
[WhiteElo "2403"]
[BlackElo "2001"]
[Result "1/2-1/2"]
[Round "05"]
[TimeControl "180+1"]
[Date "2022.12.07"]
[WhiteClock "0:00:03"]
[BlackClock "0:00:07"]

1. e4 c5 2. Nc3 Nc6 3. Bb5 Nd4 4. Nf3 Nxb5 5. Nxb5 a6 6. Nc3 b5 7. d4 cxd4 8. Nxd4 Bb7 9. a3 d6 10. O-O Nf6 11. Qe2 g6 12. Bg5 Bg7 13. Rad1 Qb6 14. Nb3 O-O 15. Kh1 Rac8 16. Be3 Qc7 17. f3 Nd7 18. Bd4 Ne5 19. Nd2 Nc4 20. Bxg7 Kxg7 21. Nxc4 Qxc4 22. Qf2 a5 23. Qh4 b4 24. Qxe7 Rc7 25. Qxd6 bxc3 26. Qe5+ Kg8 27. b3 Qc5 28. Qf6 Qxa3 29. Rd8 Rc6 30. Qh4 Rxd8 31. Qxd8+ Kg7 32. Qd4+ Kg8 33. Qd7 Qd6 34. Qxb7 Rc7 35. Qd5 Qb6 36. Qd8+ Kg7 37. Ra1 h5 38. Qd5 Rc5 39. Qd4+ Kh7 40. Rd1 Qb5 41. h3 Rc7 42. Qd8 Qc5 43. Qd4 Qb5 44. Qd3 Qb4 45. Kh2 a4 46. bxa4 Qxa4 47. Kg3 Qb4 48. Kf2 Qb2 49. Ke2 Ra7 50. Qd4 Qxc2+ 51. Ke3 Ra2 52. Kf4 Qxg2 53. Ke5 Qg5+ 54. Kd6 Ra6+ 55. Kd7 Qf6 56. Qc4 Qb6 57. Qxf7+ Kh6 58. Qf8+ Kh7 59. Qf7+ Kh6 60. Qf8+ Kh7 61. Qf7+ 1/2-1/2


[Site "https://www.chess.com"]

[Event "Titled Tuesday Blitz December 06 Early 2022"]
[White "Golubev, Mikhail"]
[Black "Bochnicka, Vladimir"]
[WhiteFideId "14100983"]
[BlackFideId "14943450"]
[WhiteElo "2374"]
[BlackElo "2239"]
[Result "1-0"]
[Round "05"]
[TimeControl "180+1"]
[Date "2022.12.07"]
[WhiteClock "0:00:41"]
[BlackClock "0:00:16"]

1. e4 c5 2. Nf3 Nc6 3. Nc3 e5 4. Bc4 Be7 5. d3 d6 6. Nd2 Bg5 7. h4 Bxd2+ 8. Bxd2 Nf6 9. Bg5 h6 10. Bxf6 Qxf6 11. Nd5 Qd8 12. c3 Be6 13. Qf3 O-O 14. g4 Rb8 15. g5 b5 16. Bb3 c4 17. dxc4 bxc4 18. Bxc4 hxg5 19. hxg5 Qxg5 20. Rh5 Bg4 21. Rxg5 Bxf3 22. Rg3 Na5 23. Nf6+ 1-0


[Site "https://www.chess.com"]

[Event "Titled Tuesday Blitz December 06 Early 2022"]
[White "Gong, Qianyun"]
[Black "Jiganchine, Roman"]
[WhiteFideId "8602425"]
[BlackFideId "2603667"]
[WhiteElo "2199"]
[BlackElo "2337"]
[Result "0-1"]
[Round "05"]
[TimeControl "180+1"]
[Date "2022.12.07"]
[WhiteClock "0:00:37"]
[BlackClock "0:00:19"]

1. e4 c6 2. d4 d5 3. e5 Bf5 4. Ne2 e6 5. Ng3 Bg6 6. h4 h6 7. h5 Bh7 8. Bd3 Bxd3 9. cxd3 Nd7 10. Nc3 Ne7 11. O-O b5 12. Be3 Nb6 13. Rc1 Rc8 14. b3 Qd7 15. Nce2 a5 16. Qd2 b4 17. Rc2 Nf5 18. Nxf5 exf5 19. Re1 Be7 20. Bf4 Qe6 21. Qe3 O-O 22. Rec1 a4 23. Qg3 Rfe8 24. Bd2 Qd7 25. Nf4 Kh7 26. Rc5 Bxc5 27. dxc5 Na8 28. d4 axb3 29. axb3 Nc7 30. Bxb4 Ne6 31. Ne2 Qb7 32. Ba5 Qb5 33. Qf3 Qxa5 34. Qxf5+ Kg8 35. Rd1 Qa2 36. Qd3 Rb8 37. Nc1 Qa3 38. g3 Qb4 39. f4 Qb5 40. Qe3 Ra8 41. Ne2 Ra2 42. Nc3 Qxb3 43. Qd3 Ra3 44. Rc1 Rb8 45. f5 Ng5 46. e6 fxe6 47. f6 Rf8 48. fxg7 Rf3 49. Qg6 Rxg3+ 50. Kh2 Qb2+ 51. Kxg3 Rxc3+ 52. Rxc3 Qxc3+ 53. Kg2 Qd2+ 54. Kg3 Qe3+ 55. Kg2 Qf3+ 56. Kg1 Qg3+ 57. Kf1 Qf3+ 58. Kg1 Qg3+ 59. Kf1 Qf4+ 60. Kg1 Qg4+ 61. Kf1 Qf5+ 62. Ke2 Qxg6 63. hxg6 Kxg7 64. Ke3 Kxg6 65. Kf4 Kf6 66. Kg4 Nf7 67. Kh5 e5 68. dxe5+ Nxe5 69. Kh4 Nd7 0-1


[Site "https://www.chess.com"]

[Event "Titled Tuesday Blitz December 06 Early 2022"]
[White "Gormally, Daniel W"]
[Black "Fecker, Noah"]
[WhiteFideId "406465"]
[BlackFideId "1334263"]
[WhiteElo "2553"]
[BlackElo "2291"]
[Result "1-0"]
[Round "05"]
[TimeControl "180+1"]
[Date "2022.12.07"]
[WhiteClock "0:00:36"]
[BlackClock "0:00:20"]

1. e4 e5 2. Nf3 Nc6 3. Bb5 Nf6 4. d3 Bc5 5. O-O O-O 6. Bxc6 dxc6 7. Nxe5 Re8 8. Nf3 Bg4 9. h3 Bh5 10. Bf4 Qd7 11. Nbd2 Rad8 12. Qc1 h6 13. Be3 Bd6 14. Nd4 Bg6 15. N2f3 c5 16. Ne2 c4 17. Nf4 Bxf4 18. Bxf4 cxd3 19. cxd3 Qxd3 20. Qxc7 Rc8 21. Qa5 Qxe4 22. Bg3 a6 23. Rfe1 Qc6 24. Rxe8+ Rxe8 25. Ne5 Qc2 26. Qc3 Qxc3 27. bxc3 Be4 28. f3 Bd5 29. c4 Be6 30. Rb1 b5 31. cxb5 axb5 32. Rxb5 Bxa2 33. Ra5 Be6 34. Bf2 Nd5 35. Nd3 Rc8 36. Nc5 Nf4 37. Be3 Nd5 38. Bd2 Nc7 39. Bf4 Nd5 40. Nxe6 fxe6 41. Be5 Re8 42. Kf2 Kf7 43. f4 Ne7 44. Ra7 g6 45. Kf3 Kf8 46. Bd6 Kf7 47. Ke4 Kf6 48. Be5+ Kf7 49. Bd6 Kf6 50. Bxe7+ Rxe7 51. Rxe7 Kxe7 52. Ke5 Kf7 53. g4 Ke7 54. g5 h5 55. h4 1-0


[Site "https://www.chess.com"]

[Event "Titled Tuesday Blitz December 06 Early 2022"]
[White "Goroshkov, Maksym"]
[Black "Devaev, Alexander"]
[WhiteFideId "14142716"]
[BlackFideId "4169395"]
[WhiteElo "2258"]
[BlackElo "2225"]
[Result "0-1"]
[Round "05"]
[TimeControl "180+1"]
[Date "2022.12.07"]
[WhiteClock "0:00:32"]
[BlackClock "0:00:15"]

1. e4 c6 2. d4 d5 3. exd5 cxd5 4. c4 Nf6 5. Nc3 e6 6. Nf3 Bb4 7. Be2 dxc4 8. Bxc4 Nc6 9. O-O O-O 10. Bg5 Bxc3 11. bxc3 Ne7 12. Bxf6 gxf6 13. Bd3 Qd6 14. Nd2 Ng6 15. Ne4 Qe7 16. Qf3 f5 17. Nc5 Rb8 18. Rfe1 b6 19. Nb3 Bb7 20. Qg3 Qf6 21. f3 Kh8 22. Nd2 Rg8 23. Bf1 Rbc8 24. c4 Qxd4+ 25. Qf2 Qf6 26. Nb3 Rc7 27. Rad1 Nh4 28. Kh1 Ng6 29. Nd4 Ba6 30. Nb5 Bxb5 31. cxb5 Rgc8 32. a4 Kg7 33. Rd2 h5 34. Red1 h4 35. g3 Rh8 36. Kg1 Rh5 37. Rd8 Rh8 38. Rxh8 Kxh8 39. f4 Kg7 40. Bg2 hxg3 41. hxg3 Qc3 42. Bc6 Ne7 43. Bf3 Ng8 44. Rd8 Qc1+ 45. Rd1 Qc3 46. Kg2 Nf6 47. Rd2 Qb3 48. Ra2 Rc3 49. Rd2 Qxa4 50. Rd8 Rc2 51. Rd2 Rxd2 52. Qxd2 Qxb5 53. Qd4 Qc5 54. Qd8 a5 55. Kh3 a4 56. Kh4 a3 57. Kg5 Nh7+ 58. Kh5 Qf8 59. Qd4+ Nf6+ 60. Kg5 Qe7 61. Bd1 a2 62. Bb3 Kf8 63. Qxf6 Qxf6+ 64. Kxf6 a1=Q+ 65. Kg5 Qb2 66. Bd1 Qg7+ 67. Kh4 Qc3 68. Bh5 Kg7 69. Kg5 b5 70. Kh4 b4 71. g4 Qd2 72. gxf5 Qxf4+ 73. Kh3 Qxf5+ 74. Bg4 Qe5 75. Bd1 b3 76. Bxb3 Qc3+ 77. Kg4 Qxb3 78. Kh5 Qd5+ 79. Kg4 Qe4+ 80. Kh5 Qf5+ 81. Kh4 e5 82. Kg3 e4 83. Kg2 e3 84. Kg3 e2 85. Kg2 e1=Q 86. Kh2 Qef2+ 87. Kh1 Qh5# 0-1


[Site "https://www.chess.com"]

[Event "Titled Tuesday Blitz December 06 Early 2022"]
[White "Grandelius, Nils"]
[Black "Piesik, Piotr"]
[WhiteFideId "1710400"]
[BlackFideId "1136194"]
[WhiteElo "2617"]
[BlackElo "2316"]
[Result "1/2-1/2"]
[Round "05"]
[TimeControl "180+1"]
[Date "2022.12.06"]
[WhiteClock "0:00:16"]
[BlackClock "0:00:08"]

1. Nf3 Nf6 2. c4 c6 3. e3 d5 4. Qc2 e6 5. b3 Bd6 6. Bb2 Nbd7 7. d4 O-O 8. Bd3 b6 9. O-O Bb7 10. Nbd2 Qe7 11. e4 dxe4 12. Nxe4 Nxe4 13. Bxe4 Nf6 14. Bd3 c5 15. d5 exd5 16. Rfe1 Qd8 17. cxd5 Bxd5 18. Ng5 h6 19. Nh7 Nxh7 20. Bxh7+ Kh8 21. Rad1 Re8 22. Rxe8+ Qxe8 23. g3 Bb7 24. Qc3 f6 25. Rxd6 Kxh7 26. Qd3+ Kh8 27. Bc3 Qe4 28. Qxe4 Bxe4 29. Rd7 a5 30. h4 h5 31. Re7 Bd5 32. Rd7 Bf3 33. Rd3 Bg4 34. f3 Bf5 35. Rd5 Bg6 36. Rd6 b5 37. Rc6 b4 38. Bb2 Bb1 39. Rxc5 Bxa2 40. Rxh5+ Kg8 41. Rb5 Bxb3 42. Kf2 Rc8 43. Bd4 Rc4 44. Ke3 a4 45. g4 a3 46. g5 fxg5 47. hxg5 Bc2 48. Ra5 Kh7 49. Ra7 Kg6 50. Rxg7+ Kf5 51. Ra7 b3 52. Rxa3 Rxd4 53. Ra5+ Kg6 54. Kxd4 b2 55. Rb5 b1=Q 56. Rxb1 Bxb1 57. f4 Bf5 58. Ke3 Kf7 59. Kd4 Bg6 60. Ke5 Bc2 61. f5 Kg7 62. Kf4 Kf7 63. Kg4 Kg7 64. Kf4 Kf7 65. Ke5 Kg7 66. Ke6 Bb3+ 67. Ke7 Bc4 68. g6 Bb3 69. f6+ Kxg6 70. f7 Bxf7 1/2-1/2


[Site "https://www.chess.com"]

[Event "Titled Tuesday Blitz December 06 Early 2022"]
[White "Guzman Moneo, Alberto"]
[Black "Schekachikhin, Maksim"]
[WhiteFideId "2209616"]
[BlackFideId "24177830"]
[WhiteElo "2157"]
[BlackElo "2272"]
[Result "1-0"]
[Round "05"]
[TimeControl "180+1"]
[Date "2022.12.07"]
[WhiteClock "0:00:32"]
[BlackClock "0:01:30"]

1. c4 e6 2. Nf3 f5 3. Nc3 Nf6 4. g3 b6 5. Bg2 Bb7 6. a3 a5 7. Rb1 Be7 8. b4 axb4 9. axb4 O-O 10. O-O Ne4 11. Nxe4 Bxe4 12. d3 Bb7 13. Qb3 Nc6 14. Bd2 Bf6 15. Bc3 Bxc3 16. Qxc3 Qe7 17. b5 Nd8 18. Ra1 Nf7 19. Rxa8 Rxa8 20. Ra1 Qf6 21. Qxf6 gxf6 22. Rxa8+ Bxa8 23. Nd4 Bxg2 24. Kxg2 Kf8 25. f4 Ke7 26. Kf3 Kd6 27. Nb3 Nd8 28. e4 fxe4+ 29. dxe4 e5 30. f5 c6 31. Kg4 Ke7 32. Kh5 Kf7 33. c5 bxc5 34. bxc6 Nxc6 35. Nxc5 d6 36. Nb7 d5 37. exd5 Nb4 38. d6 1-0


[Site "https://www.chess.com"]

[Event "Titled Tuesday Blitz December 06 Early 2022"]
[White "HSH1987"]
[Black "Acor, Corey"]
[BlackFideId "2024861"]
[WhiteElo "2536"]
[BlackElo "2341"]
[Result "1/2-1/2"]
[Round "05"]
[TimeControl "180+1"]
[Date "2022.12.07"]
[WhiteClock "0:00:09"]
[BlackClock "0:00:10"]

1. Nf3 d6 2. d4 g6 3. g3 Bg7 4. Bg2 Nd7 5. O-O e5 6. dxe5 dxe5 7. Bg5 Ngf6 8. Qd2 h6 9. Be3 Qe7 10. Nc3 c6 11. h3 Nb6 12. b3 Nbd5 13. Rad1 Nxc3 14. Qxc3 Nd5 15. Qd2 Nxe3 16. Qxe3 O-O 17. Nd2 Be6 18. Ne4 b6 19. Nd6 Rad8 20. Nc4 Bd5 21. Rd2 Bxg2 22. Kxg2 Rxd2 23. Nxd2 Rd8 24. Nc4 Qe6 25. a4 Qd5+ 26. f3 b5 27. axb5 cxb5 28. Na3 a6 29. c4 Qd2 30. Qxd2 Rxd2 31. cxb5 axb5 32. Nxb5 Rxe2+ 33. Rf2 Re3 34. b4 Rb3 35. Nd6 Rxb4 36. Re2 f5 37. Rc2 Rd4 38. Rc8+ Bf8 39. Nb5 Rd2+ 40. Kf1 Kf7 41. Rc7+ Ke6 42. Nc3 g5 43. g4 Bd6 44. Rc6 Kd7 45. Rc4 fxg4 46. hxg4 Rd4 47. Rxd4 exd4 48. Ne4 Be7 49. Ke2 Ke6 50. Nf2 Ke5 51. Nd3+ Kd5 52. Kd2 Bd6 53. Kc2 Kc4 54. Nb2+ Kd5 55. Nd3 Bc7 56. Kb3 Ba5 57. Kc2 Ke6 58. Kb3 Bc3 59. Kc4 Kd6 60. Kb3 Kd5 61. Kc2 Ke6 62. Kb3 Kd5 63. Kc2 Kc4 64. Ne5+ Kb5 65. Nd3 Ka4 66. Ne5 Ka5 67. Nd3 Kb6 68. Kb3 Kb5 69. Kc2 Kc6 70. Kb3 Kd5 1/2-1/2


[Site "https://www.chess.com"]

[Event "Titled Tuesday Blitz December 06 Early 2022"]
[White "Harikrishna, Pentala"]
[Black "Aravindh, Chithambaram VR."]
[WhiteFideId "5007003"]
[BlackFideId "5072786"]
[WhiteElo "2617"]
[BlackElo "2586"]
[Result "1-0"]
[Round "05"]
[TimeControl "180+1"]
[Date "2022.12.06"]
[WhiteClock "0:00:34"]
[BlackClock "0:00:01"]

1. Nf3 Nf6 2. g3 g6 3. Bg2 Bg7 4. d4 O-O 5. O-O d5 6. c4 dxc4 7. Na3 Nc6 8. Nxc4 Be6 9. b3 a5 10. a4 Bd5 11. Bb2 Qb8 12. e3 Rd8 13. Qe2 b5 14. Nfe5 Bxg2 15. Kxg2 Nb4 16. axb5 Qxb5 17. Ba3 c5 18. Qf3 Nc2 19. Bxc5 Nxa1 20. Rxa1 Ra6 21. Bxe7 Rb8 22. Rxa5 Rxa5 23. Nxa5 Qd5 24. Bxf6 Qxf3+ 25. Kxf3 Bxf6 26. Nd7 Rb5 27. Nxf6+ Kg7 28. Ne8+ Kf8 29. Nc4 Rxb3 30. Nf6 h5 31. Ne5 Ke7 32. Nd5+ Ke6 33. Nf4+ Kf6 34. h4 Ra3 35. Nh3 Kg7 36. Ng5 f6 37. Ne6+ Kh6 38. Nd7 Ra6 39. d5 g5 40. Nxf6 gxh4 41. gxh4 Ra4 42. e4 Ra3+ 43. Kg2 1-0


[Site "https://www.chess.com"]

[Event "Titled Tuesday Blitz December 06 Early 2022"]
[White "Harshavardhan G B"]
[Black "Moskvin, Anatoly"]
[WhiteFideId "25059009"]
[BlackFideId "24199990"]
[WhiteElo "2323"]
[BlackElo "2104"]
[Result "1-0"]
[Round "05"]
[TimeControl "180+1"]
[Date "2022.12.07"]
[WhiteClock "0:01:20"]
[BlackClock "0:00:17"]

1. d4 Nf6 2. Nf3 c5 3. d5 b5 4. c4 g6 5. cxb5 a6 6. b6 d6 7. Nc3 Bg7 8. e4 O-O 9. Bc4 Nbd7 10. Qe2 Nxb6 11. Bd3 a5 12. O-O a4 13. a3 Ng4 14. Bf4 h6 15. h3 Nf6 16. Be3 Nfd7 17. Bb5 Qc7 18. Rfc1 Qa7 19. Qd2 Ba6 20. Bxh6 Bxb5 21. Nxb5 Qa5 22. Bxg7 Kxg7 23. Nc3 Rfb8 24. Qg5 Nf6 25. Nh4 Rb7 26. Nf5+ Kf8 27. Nxd6 Nh7 28. Qh6+ 1-0


[Site "https://www.chess.com"]

[Event "Titled Tuesday Blitz December 06 Early 2022"]
[White "Herman, Daniel"]
[Black "monkins"]
[WhiteFideId "30935008"]
[WhiteElo "1897"]
[BlackElo "2260"]
[Result "1-0"]
[Round "05"]
[TimeControl "180+1"]
[Date "2022.12.07"]
[WhiteClock "0:00:11"]
[BlackClock "0:00:01"]

1. c4 Nf6 2. Nc3 c5 3. e3 g6 4. d4 cxd4 5. exd4 d5 6. cxd5 Nxd5 7. Bc4 Nxc3 8. bxc3 Bg7 9. Nf3 Qc7 10. Qb3 O-O 11. O-O Nc6 12. Bd5 e6 13. Be4 b6 14. Bg5 Bb7 15. Bh4 Na5 16. Qc2 Rac8 17. Rac1 Bxe4 18. Qxe4 Qc4 19. Ne5 Qd5 20. Qf4 Bxe5 21. dxe5 Rc4 22. Qg3 h5 23. Bf6 Rfc8 24. Qg5 Kh7 25. h3 Qe4 26. Rcd1 R4c7 27. Qd2 Qf5 28. f4 Nc4 29. Qd8 Ne3 30. Rd7 Rxd8 31. Rxd8 Qxf6 32. exf6 Nxf1 33. Kxf1 b5 34. Re8 Rxc3 35. Re7 Kg8 36. Rxa7 Rc1+ 37. Kf2 Rc2+ 38. Kf3 b4 39. Rb7 Rxa2 40. Rxb4 Ra7 41. g4 hxg4+ 42. hxg4 Rd7 43. g5 Kh7 44. Rb8 Rc7 45. Re8 Rc3+ 46. Ke4 Rc4+ 47. Ke3 Ra4 48. Re7 Kg8 49. Rb7 Ra3+ 50. Ke4 Ra4+ 51. Ke5 Ra5+ 52. Ke4 Ra4+ 53. Kf3 Ra3+ 54. Kg4 Ra4 55. Rb8+ Kh7 56. Rf8 Ra7 57. Kf3 Rb7 58. Ke4 Ra7 59. Ke5 Rb7 60. Kd6 Ra7 61. Rd8 Ra6+ 62. Ke7 Ra7+ 63. Kf8 Ra4 64. Kxf7 Rxf4 65. Kxe6 1-0


[Site "https://www.chess.com"]

[Event "Titled Tuesday Blitz December 06 Early 2022"]
[White "Hoffmann, Asa"]
[Black "Lohani, Sujana"]
[WhiteFideId "2001470"]
[BlackFideId "12311987"]
[WhiteElo "2117"]
[BlackElo "1718"]
[Result "1-0"]
[Round "05"]
[TimeControl "180+1"]
[Date "2022.12.07"]
[WhiteClock "0:00:47"]
[BlackClock "0:00:04"]

1. d4 g6 2. e4 Bg7 3. Be3 d6 4. Qd2 c6 5. Nc3 b5 6. f3 a6 7. a3 Nd7 8. Nh3 Qb6 9. Be2 c5 10. dxc5 Nxc5 11. Rd1 Qc7 12. Nf4 Bb7 13. O-O Nf6 14. Nfd5 Nxd5 15. exd5 O-O 16. Bh6 Nd7 17. Bxg7 Kxg7 18. Qd4+ Nf6 19. f4 Rfc8 20. Rfe1 Qc5 21. Bf3 Qxd4+ 22. Rxd4 Rc7 23. g4 Rac8 24. g5 Ng8 25. h4 Rc5 26. Kf2 Rc4 27. Rxc4 Rxc4 28. Re4 Rc5 29. Rd4 Kf8 30. Ke3 Ke8 31. Bg4 Kd8 32. Kd3 Bc8 33. Bxc8 Kxc8 34. Ne4 Rc7 35. c4 bxc4+ 36. Rxc4 Rxc4 37. Kxc4 Kd7 38. Kb4 e6 39. dxe6+ fxe6 40. Ka5 d5 41. Nd2 Ne7 42. Kxa6 Nf5 43. Kb7 Nd4 44. a4 Ne2 45. a5 Nxf4 46. a6 e5 47. a7 e4 48. a8=Q e3 49. Qa4+ Kd6 50. Qxf4+ 1-0


[Site "https://www.chess.com"]

[Event "Titled Tuesday Blitz December 06 Early 2022"]
[White "Ilkhomi, Jaloliddin"]
[Black "Albertini, Luca"]
[WhiteFideId "14700948"]
[BlackFideId "847038"]
[WhiteElo "2045"]
[BlackElo "2207"]
[Result "1-0"]
[Round "05"]
[TimeControl "180+1"]
[Date "2022.12.07"]
[WhiteClock "0:00:16"]
[BlackClock "0:00:03"]

1. d4 d5 2. Bf4 Nf6 3. e3 c5 4. c3 Nc6 5. Nd2 Bf5 6. Qb3 Qb6 7. dxc5 Qxb3 8. axb3 e5 9. Bg3 Bxc5 10. Ngf3 Nd7 11. Bb5 f6 12. O-O Ke7 13. Rfd1 Nb6 14. b4 Bd6 15. Re1 a6 16. Bxc6 bxc6 17. e4 Be6 18. Ra5 Rhb8 19. Rea1 Bc8 20. Ne1 Bc7 21. R5a2 Nd7 22. Nd3 Ra7 23. exd5 cxd5 24. Nb3 Bd6 25. Ra5 Ke6 26. f3 Rc7 27. Bf2 Rc4 28. Bc5 Bc7 29. R5a3 e4 30. fxe4 dxe4 31. Nd2 exd3 32. Nxc4 Nxc5 33. bxc5 Kd5 34. Ne3+ Ke4 35. Nd1 Bf4 36. Nf2+ Ke3 37. Re1+ Kd2 38. Rd1+ Kc2 39. Rxd3 Rxb2 40. Rd1 Bf5 41. Raa1 Kxc3 42. Rf1 Be3 43. c6 Bb6 44. c7 Bxc7 45. Nd1+ Kc2 46. Nxb2 Kxb2 47. Rxa6 Bd3 48. Rc6 Bxf1 49. Rxc7 Bd3 50. Rxg7 Kc3 51. Kf2 Kd4 52. Kf3 Bg6 53. Kf4 Kd5 54. Ra7 Ke6 55. g4 1-0


[Site "https://www.chess.com"]

[Event "Titled Tuesday Blitz December 06 Early 2022"]
[White "Iskusnyh, Sergei"]
[Black "Corrales Jimenez, Fidel"]
[WhiteFideId "4120027"]
[BlackFideId "3506690"]
[WhiteElo "2492"]
[BlackElo "2541"]
[Result "1/2-1/2"]
[Round "05"]
[TimeControl "180+1"]
[Date "2022.12.07"]
[WhiteClock "0:00:05"]
[BlackClock "0:00:02"]

1. d4 Nf6 2. c4 g6 3. g3 Bg7 4. Bg2 O-O 5. Nc3 d6 6. Nf3 Nbd7 7. O-O e5 8. e4 a5 9. h3 c6 10. Be3 Re8 11. Qc2 a4 12. Rfd1 Qa5 13. d5 c5 14. Nb5 Ra6 15. Ne1 Rf8 16. Nd3 Ne8 17. Bd2 Qd8 18. Bc3 f5 19. exf5 gxf5 20. f4 e4 21. Ne1 Ndf6 22. Kh2 Rf7 23. Qe2 Bd7 24. Na3 Qe7 25. Nac2 Nc7 26. b4 b6 27. bxc5 bxc5 28. Rab1 Ra8 29. Ne3 Raf8 30. Rb7 Nfe8 31. Bxg7 Rxg7 32. N1c2 Kh8 33. Nf1 Rfg8 34. Nce3 Qd8 35. Qb2 Bc8 36. Ra7 Nf6 37. Rb1 Nce8 38. Rxg7 Rxg7 39. Qc3 Rg8 40. Rb8 Qc7 41. Qb2 Rg7 42. a3 Kg8 43. h4 Rf7 44. Bh3 Nd7 45. Rxc8 Qxc8 46. Bxf5 Qb8 47. Qxb8 Nxb8 48. Be6 Na6 49. Nd2 Nf6 50. g4 Nb4 51. axb4 cxb4 52. g5 Nh5 53. c5 dxc5 54. d6 Kf8 55. Bxf7 Kxf7 56. Nxe4 Nxf4 57. Nxc5 a3 58. Nb3 Ke6 59. Nc2 Nd3 60. Kg3 Kxd6 61. Kf3 Kd5 62. Ke3 Kc4 63. Nd2+ Kc3 64. Nd4 Nc5 65. Nb5+ Kc2 66. Nd4+ Kc3 67. Nb5+ Kc2 68. Nd4+ Kb2 69. Nc4+ Kc1 70. Ne2+ Kb1 71. Nxa3+ bxa3 72. h5 Kb2 73. g6 hxg6 74. h6 a2 75. h7 a1=Q 76. h8=Q+ Kb1 77. Qxa1+ Kxa1 78. Kf4 Ne6+ 79. Ke5 Nf8 80. Kf6 Kb2 81. Nf4 Kc3 82. Nxg6 1/2-1/2


[Site "https://www.chess.com"]